 Dungeon Crawl Stone Soup version 0.27-a0-650-g8dd3ea4f36 (webtiles) character file.

Game seed: 13710815023922173394

649 kae the Ruffian (level 7, 0/56 (61) HPs)
             Began as a Naga Transmuter on Mar 15, 2021.
             Slain by a wight
             ... wielding a +0 falchion
              (8 damage)
             ... on level 5 of the Dungeon.
             The game lasted 00:05:11 (5220 turns).

kae the Ruffian (Naga Transmuter)                   Turns: 5220, Time: 00:05:11

HP:   0/56 (61)     AC:  7    Str: 13 (15) XL:     7   Next: 53%
MP:   8/12          EV:  8    Int: 12 (13) God:
Gold: 270           SH:  0    Dex: 10 (11) Spells: 4/12 levels left

rFire    . . .     SeeInvis +     - Unarmed
rCold    . . .     Faith    .   (no shield)
rNeg     . . .     Spirit   .   a - +0 robe
rPois    +         Reflect  .   (no helmet)
rElec    .         Harm     .   j - scarf {shadows}
rCorr    .         Rampage  .   (no gloves)
Will     .....     Clarity  +   n - +0 barding
Stlth    +.........             (no amulet)
HPRegen  0.18/turn              (no ring)
MPRegen  0.13/turn              (no ring)

@: berserk cooldown, slowed, drained, very slow
A: AC +2, large, see invisible, deformed body, poison resistance, slowness 2,
spit poison 1, naga tail 1, clarity, high mp 1
a: Spit Poison


You were on level 5 of the Dungeon.
You visited 1 branch of the dungeon, and saw 5 of its levels.

You collected 270 gold pieces.

Inventory:

Armour
 a - a +0 robe (worn)
 j - a scarf of shadows (worn)
 n - a +0 barding (worn)
Wands
 d - a wand of polymorph (6)
Scrolls
 b - 4 scrolls of amnesia
 c - 5 scrolls of teleportation
 e - 3 scrolls of enchant armour {unknown}
 g - 5 scrolls of identify
 m - 2 scrolls of blinking {unknown}
Potions
 f - a potion of degeneration
 i - a potion of curing
 l - a potion of ambrosia {unknown}
 o - a potion of invisibility {unknown}
 p - 2 potions of lignification {unknown}


   Skills:
 + Level 2.5 Fighting
 + Level 2.8 Dodging
 * Level 4.8 Unarmed Combat
 + Level 3.1 Spellcasting
 * Level 4.1 Transmutations
 * Level 2.2 Ice Magic
 - Level 3.0 Poison Magic


You had 4 spell levels left.
You knew the following spells:

 Your Spells              Type           Power      Damage    Failure   Level
a - Beastly Appendage     Tmut           22%        N/A       4%          1
b - Spider Form           Tmut/Pois      5%         N/A       17%         3
c - Ice Form              Ice/Tmut       9%         N/A       54%         4

Your spell library contained the following spells:

 Spells                   Type           Power      Damage    Failure   Level
 Wereblood                Tmut           11%        N/A       7%          2
 Blade Hands              Tmut           5%         N/A       77%         5


Dungeon Overview and Level Annotations

Branches:
Dungeon (5/15)
 Temple: D:4-7

Altars:
Ashenzari
Ru
Uskayaw
Yredelemnul

Annotations:
D:3 1 runed translucent door, ThereIsNoGod's ghost, weakling FeTm
D:4 3 runed translucent doors, p0werm0de's ghost, amateur GrFi


Innate Abilities, Weirdness & Mutations

Your serpentine skin is tough. (AC +2)
You have supernaturally acute eyesight. (SInv)
Armour fits poorly on your strangely shaped body.
Your system is resistant to poisons. (rPois)
You cover ground very slowly.
You can spit poison.
You have a snake-like lower body.
You possess an exceptional clarity of mind.
You have an increased reservoir of magic. (+10% MP)


Message History

You destroy the wight!
Your transformation has ended.
Your scarf of shadows unmelds from your body.
Your +0 barding unmelds from your body.
Your +0 robe unmelds from your body.
It gets dark.
Your life force feels restored.
Your Transmutations skill increases to level 4!
The wight hits you with a +3 dagger.
You feel drained. The wight completely misses you.
Items here: )) [[.
You barely miss the wight. The wight hits you with a +3 dagger.
The wight hits you with a +0 falchion.
You feel drained.
You closely miss the wight. The wight barely misses you.
You completely miss the wight. The wight barely misses you.
You closely miss the wight. The wight misses you.
You hit the wight but do no damage. You punch the wight!
The wight is almost destroyed.
The wight hits you with a +0 falchion.
* * * LOW HITPOINT WARNING * * *
The wight hits you with a +3 dagger.
* * * LOW HITPOINT WARNING * * *
You feel drained.
* * * LOW HITPOINT WARNING * * *
You punch the wight!
You destroy the wight!
The wight hits you with a +0 falchion!
* * * LOW HITPOINT WARNING * * *
You feel drained.
You feel your strength returning.
Training target 3.0 for Poison Magic reached!
Your Poison Magic skill increases to level 3!
You hit the wight.
The wight is moderately damaged.
You are no longer berserk.
You are exhausted.
You feel yourself slow down.
You hit the wight but do no damage.
The wight is moderately damaged.
The wight closely misses you. The wight hits you with a +0 falchion!
You die...

### . ..# .!# .. #...#.
#..z###### ## #)@....#
##.....####.######
#..########...##..
#.####...........#
########......#######...#
.........)##### ##.###
#.....†.(..# ####...##
.#####.##.##### #....#..####
####.##.....#####....##.....


You could see a wight.

Vanquished Creatures
  3 wights (D:5)
  2 hounds
  Crazy Yiuf (D:3)
  An orc priest (D:4)
  Jessica (D:3)
  A bullfrog skeleton (D:4)
  Natasha (thrice) (D:2)
  2 orc wizards
  3 worker ants (D:4)
  A hound zombie (D:5)
  A howler monkey skeleton (D:5)
  3 adders
  A shadow imp (D:5)
  A white imp (D:5)
  An ooze (D:3)
  An adder zombie (D:5)
  An adder skeleton (D:4)
  3 worms
  A dart slug (D:1)
  3 leopard geckos
  5 orcs (D:4)
  2 ball pythons
  5 giant cockroaches
  3 goblins (D:1)
  5 hobgoblins
  9 jackals
  3 quokkas
  5 bats (D:1)
  3 frilled lizards
  3 kobolds
  6 rats
83 creatures vanquished.

Notes
Turn   | Place    | Note
-------+----------+-------------------------------------------
     0 | D:1      | kae the Naga Transmuter began the quest for the Orb.
     0 | D:1      | Reached XP level 1. HP: 18/18 MP: 3/3
   392 | D:1      | Reached XP level 2. HP: 25/25 MP: 5/5
   834 | D:1      | Reached XP level 3. HP: 31/31 MP: 4/6
  1306 | D:2      | Found a hide-covered altar of Uskayaw.
  1573 | D:2      | Noticed Natasha
  1590 | D:2      | Killed Natasha
  1591 | D:2      | Reached XP level 4. HP: 8/38 MP: 7/7
  1835 | D:2      | Noticed Natasha
  1840 | D:2      | Killed Natasha
  2220 | D:2      | Noticed Natasha
  2235 | D:2      | Killed Natasha
  2236 | D:2      | Reached XP level 5. HP: 28/45 MP: 8/8
  2520 | D:2      | Learned a level 3 spell: Spider Form
  2525 | D:2      | Learned a level 4 spell: Ice Form
  2647 | D:3      | Found a runed translucent door.
  2648 | D:3      | Noticed Crazy Yiuf
  2892 | D:3      | Found a runed translucent door.
  2892 | D:3      | Noticed ThereIsNoGod's ghost (weakling FeTm)
  3026 | D:3      | Found a basalt altar of Yredelemnul.
  3050 | D:3      | Noticed Jessica
  3051 | D:3      | Killed Jessica
  3563 | D:3      | Killed Crazy Yiuf
  3564 | D:3      | Reached skill level 1 in Poison Magic
  3691 | D:4      | Found a runed translucent gate.
  3691 | D:4      | Found a runed translucent gate.
  3691 | D:4      | Found a runed translucent gate.
  3693 | D:4      | Noticed p0werm0de's ghost (amateur GrFi)
  3709 | D:4      | Found a broken altar of Ashenzari.
  3719 | D:4      | Reached skill level 1 in Ice Magic
  3719 | D:4      | Reached XP level 6. HP: 31/52 MP: 6/10
  4520 | D:5      | Entered Level 5 of the Dungeon
  4645 | D:5      | Reached XP level 7. HP: 43/60 MP: 11/11
  4765 | D:5      | Found a sacrificial altar of Ru.
  5201 | D:5      | Gained mutation: You have an increased reservoir of magic.
                  | (+10% MP) [potion of mutation]
  5201 | D:5      | Gained mutation: You possess an exceptional clarity of
                  | mind. [potion of mutation]
  5220 | D:5      | Slain by a wight

Illustrated notes

Levels and vault maps discovered:
D:1:      psy_arrival_spokes, layout_loops_ring, minmay_misc_feat_four_crosses,
          minmay_small_reverse_x
D:2:      layout_basic, eat_drink_and_be_merry_uskayaw, uniq_natasha
D:3:      layout_rooms, lemuel_coloured_pillars_altar, gammafunk_ghost_grave,
          kennysheep_cross_room, ebering_dispersal_statue_hall, uniq_jessica,
          uniq_crazy_yiuf_cottage
D:4:      layout_rooms, overflow_temple_1_default, ebering_ghost_rock_garden
D:5:      layout_rooms, hangedman_ru_absence

Skill      XL: |  1  2  3  4  5  6  7 |
---------------+----------------------+-----
Dodging        | 2 |  2.8
Transmutations | 3 4 |  4.1
Fighting       | 2 |  2.5
Unarmed Combat | 4 |  4.8
Poison Magic   | 1 2 3 |  3.0
Ice Magic      | 1 2 |  2.2
Spellcasting   | 3 |  3.1

Action                   |  1- 3 |  4- 6 |  7- 9 || total
-------------------------+-------+-------+-------++-------
Melee: Unarmed           |    60 |   136 |    54 ||   250
       Headbutt          |     6 |     5 |     3 ||    14
       Punch             |       |     2 |     2 ||     4
 Cast: Beastly Appendage |    12 |    15 |     2 ||    29
       Spider Form       |       |     7 |     3 ||    10
 Abil: Spit Poison       |    13 |    26 |     1 ||    40
  Use: Scroll            |     2 |     2 |       ||     4
       Potion            |     2 |       |     4 ||     6
Armor: Robe              |    15 |    14 |     3 ||    32
Dodge: Dodged            |    40 |    98 |    41 ||   179

Table legend: (Time is in decaauts)
 A = Elapsed time spent in this place.
 B = Non-inter-level travel time spent in this place.
 C = Inter-level travel time spent in this place.
 D = Time resting spent in this place.
 E = Time spent auto-exploring this place.
 F = Levels seen in this place.
 G = Mean time per level.
                   A        B        C        D        E       F      G
               +--------+--------+--------+--------+--------+-----+--------+
         Total |   6267 |   6011 |    256 |    174 |   5195 |   5 | 1253.4 |
       Dungeon |   6267 |   6011 |    256 |    174 |   5195 |   5 | 1253.4 |
               +--------+--------+--------+--------+--------+-----+--------+

Top non-repeatable levels by time:
     D:1: 1584 daAuts
     D:2: 1562 daAuts
     D:3: 1508 daAuts
     D:4: 939 daAuts
     D:5: 673 daAuts
